 Dungeon Crawl Stone Soup version 0.29.0-4-gdea44cf6ec (webtiles) character file.

Game seed: 5286146003356019552

95 qw the Chopper (level 4, 0/26 HPs)
             Began as a Tengu Warper on Aug 28, 2022.
             Slain by Ijyb
             ... wielding a +0 club
              (3 damage)
             ... on level 3 of the Dungeon.
             The game lasted 00:00:12 (2874 turns).

qw the Chopper (Tengu Warper)                       Turns: 2874, Time: 00:00:13

Health: 0/26       AC:  3    Str: 14    XL:     4   Next: 66%
Magic:  8/8        EV: 12    Int: 13    God:
Gold:   87         SH:  0    Dex: 19    Spells: 7/7 levels left

rFire   . . .      SeeInvis .   Y - +0 hand axe
rCold   . . .      Faith    .   (no shield)
rNeg    . . .      Spirit   .   b - +0 leather armour
rPois   .          Reflect  .   (helmet restricted)
rElec   .          Harm     .   (no cloak)
rCorr   .          Rampage  .   (no gloves)
Will    .....                   (boots unavailable)
Stlth   +.........              (no amulet)
HPRegen 0.08/turn               c - +6 ring of dexterity
MPRegen 0.11/turn               (no ring)

@: no status effects
A: beak, talons 3
a: no special abilities


You were on level 3 of the Dungeon.
You visited 1 branch of the dungeon, and saw 3 of its levels.

You collected 87 gold pieces.


Innate Abilities, Weirdness & Mutations

You have a beak for a mouth.
You have claws for feet.


   Skills:
 - Level 2.0 Fighting
 + Level 5.2 Axes
 - Level 1.0 Throwing
 - Level 1.1 Armour
 - Level 2.1 Dodging
 - Level 2.0 Spellcasting
 - Level 2.4 Translocations


You had 7 spell levels left.
You didn't know any spells.
Your spell library contained the following spells:

 Spells                   Type           Power      Damage    Failure   Level
 Blink                    Tloc           14%        N/A       19%         2
 Gell's Gravitas          Tloc           7%         N/A       34%         3
 Lesser Beckoning         Tloc           7%         N/A       34%         3
 Teleport Other           Tloc           7%         N/A       34%         3
 Manifold Assault         Tloc           7%         N/A       97%         5

Inventory:

Hand Weapons
 i - a +0 whip
 Y - a +0 hand axe (weapon)
Armour
 b - a +0 leather armour (worn)
Jewellery
 c - a +6 ring of dexterity (left hand)
Scrolls
 a - 2 scrolls of identify
Potions
 d - a potion of haste {unknown}
 e - a potion of attraction {unknown}
 f - 2 potions of curing {unknown}
 g - a potion of mutation

Dungeon Overview and Level Annotations

Branches:
Dungeon (3/15)

Altars:
Elyvilon

Annotations:
D:3 1 runed translucent door, Crazy Yiuf, Ijyb


Message History

Ijyb closely misses you.
You closely miss Ijyb.
Ijyb is moderately wounded.
Ijyb hits you with a +0 club.
You hit Ijyb. You claw Ijyb.
Ijyb is heavily wounded.
Ijyb barely misses you.
You hit Ijyb but do no damage. You peck Ijyb, but do no damage.
Ijyb is heavily wounded.
Ijyb screams, "Me kill you!" Ijyb hits you with a +0 club.
You hit Ijyb. Your kick misses Ijyb. Your peck misses Ijyb.
Ijyb is heavily wounded.
Ijyb hits you with a +0 club.
You hit Ijyb but do no damage. Your kick misses Ijyb.
You peck Ijyb, but do no damage.
Ijyb is heavily wounded.
Ijyb hits you with a +0 club.
You hit Ijyb but do no damage. Your kick misses Ijyb.
Ijyb is heavily wounded.
Ijyb closely misses you.
You hit Ijyb.
Ijyb is severely wounded.
Ijyb hits you with a +0 club.
You closely miss Ijyb. You claw Ijyb, but do no damage.
Ijyb is severely wounded.
Ijyb zaps a wand.
The puff of flame hits you.
You barely miss Ijyb. Your kick misses Ijyb.
Ijyb is severely wounded.
Ijyb zaps a wand.
The puff of flame hits you.
You hit Ijyb but do no damage. Your peck misses Ijyb.
Ijyb is severely wounded.
Ijyb hits you with a +0 club.
You hit Ijyb but do no damage. You claw Ijyb.
Ijyb is severely wounded.
Ijyb closely misses you.
You barely miss Ijyb.
Ijyb is severely wounded.
Ijyb hits you with a +0 club.
You die...

.....(..>..#.#.#.#.#.#.#
#######............#####
#...............##
#..............##
####>)............##
..........(........#
.....####.###...##.#
.....####.###.#.##.#
..............#.@..#
...........#..###g.#
...........#. ...#
##......#..# ....#
#......#..... #....#
#...#..###.#..# #..#
#...#......# .. ..#
#...###.#..# . ...
##.....).# ..


You could see Ijyb.

Vanquished Creatures
  5 adders
  A worm (D:2)
  2 dart slugs
  3 bats (D:1)
  6 endoplasms
  3 giant cockroaches
  5 goblins
  3 hobgoblins
  9 kobolds
  A ball python (D:1)
  3 frilled lizards
  3 rats (D:2)
44 creatures vanquished.

Vanquished Creatures (others)
  A plant (D:1)
1 creature vanquished.

Grand Total: 45 creatures vanquished

Notes
Turn   | Place    | Note
-------+----------+-------------------------------------------
     0 | D:1      | qw the Tengu Warper began the quest for the Orb.
     0 | D:1      | Reached XP level 1. HP: 12/12 MP: 4/4
     0 | D:1      | 0 ||| qw: Version: 0.1-a-89-g26bdef1
     0 | D:1      | 0 ||| qw: Game counter: 1132
     0 | D:1      | 0 ||| qw: Always use a shield: true
     0 | D:1      | 0 ||| qw: God list: Okawaru
     0 | D:1      | 0 ||| qw: Allow faded altars: false
     0 | D:1      | 0 ||| qw: Do Orc after D:15 true
     0 | D:1      | 0 ||| qw: Do second Lair branch before Depths: true
     0 | D:1      | 0 ||| qw: Lair rune preference: random
     0 | D:1      | 0 ||| qw: Plans: Normal
     0 | D:1      | 0 ||| PLANNING D:1-11
   139 | D:1      | Reached XP level 2. HP: 17/17 MP: 6/6
   166 | D:1      | Reached skill level 3 in Axes
   251 | D:1      | 251 ||| Stepping ~*~*~tactically~*~*~ (stealth).
   282 | D:1      | 282 ||| Stepping ~*~*~tactically~*~*~ (stealth).
   351 | D:1      | Found a faded altar of an unknown god.
   384 | D:1      | 384 ||| DROPPING +0 club.
   632 | D:1      | 632 ||| Stepping ~*~*~tactically~*~*~ (stealth).
  1106 | D:1      | 1106 ||| READING 2 scrolls labelled LIHETZ VANIRO.
  1107 | D:1      | 1107 ||| READING scroll labelled RUNLIRA UFFEUG.
  1112 | D:1      | 1112 ||| DROPPING scroll of blinking.
  1144 | D:2      | 1144 ||| Stepping ~*~*~tactically~*~*~ (stealth).
  1149 | D:2      | Reached XP level 3. HP: 20/21 MP: 7/7
  1167 | D:2      | 1167 ||| Stepping ~*~*~tactically~*~*~ (stealth).
  1352 | D:2      | Found a white marble altar of Elyvilon.
  1388 | D:2      | Reached skill level 4 in Axes
  1961 | D:2      | 1961 ||| Stepping ~*~*~tactically~*~*~ (hiding).
  2075 | D:2      | Reached XP level 4. HP: 18/26 MP: 8/8
  2486 | D:2      | 2486 ||| UPGRADING to +6 ring of dexterity.
  2487 | D:2      | 2487 ||| READING scroll labelled UTRIOCSY OTUM.
  2488 | D:2      | 2488 ||| READING 4 scrolls of identify.
  2488 | D:2      | 2488 ||| IDENTIFYING bubbling white potion
  2489 | D:2      | 2489 ||| READING 3 scrolls of identify.
  2489 | D:2      | 2489 ||| IDENTIFYING fizzy clear potion
  2490 | D:2      | 2490 ||| DROPPING potion of degeneration.
  2561 | D:3      | Found a runed translucent door.
  2562 | D:3      | Noticed Crazy Yiuf
  2595 | D:3      | 2595 ||| Stepping ~*~*~tactically~*~*~ (stealth).
  2601 | D:3      | Reached skill level 5 in Axes
  2746 | D:3      | Noticed Ijyb
  2747 | D:3      | 2747 ||| Stepping ~*~*~tactically~*~*~ (hiding).
  2853 | D:3      | 2853 ||| Stepping ~*~*~tactically~*~*~ (hiding).
  2871 | D:3      | HP: 6/26 [Ijyb/puff of flame (1)]
  2874 | D:3      | Slain by Ijyb

Levels and vault maps discovered:
D:1:      co_arrival_square_in_a_square_in_a_square, layout_basic,
          ebering_ecumenical_altar_hall, serial_forest,
          infiniplex_forest_straight_3, infiniplex_forest_lined_room_,
          infiniplex_forest_clump_long, infiniplex_forest_clump_tiny,
          infiniplex_forest_lined_3_way, infiniplex_forest_straight_2
D:2:      minmay_alternating_diamond, layout_loops_corners, basic_altar
D:3:      layout_basic, lemuel_tele_altar, reono_crystal_passage,
          hangedman_decor_points, st_stairs_4, minivault_23, minmay_ruptured,
          uniq_natasha, uniq_crazy_yiuf_cottage, uniq_jessica, uniq_ijyb

Skill      XL: |  1  2  3  4 |
---------------+-------------+-----
Axes           | 3 4 5 |  5.2
Fighting       | |  2.0
Throwing       | |  1.0
Armour         | |  1.1
Dodging        | |  2.1
Spellcasting   | |  2.0
Translocations | |  2.4

Action                   |  1- 3 |  4- 6 || total
-------------------------+-------+-------++-------
Melee: Hand axe          |    85 |    41 ||   126
       Kick              |    17 |    16 ||    33
       Peck              |    16 |     9 ||    25
       Punch             |       |     2 ||     2
Throw: Boomerang         |     7 |       ||     7
  Use: Scroll            |     2 |     3 ||     5
Armor: Leather armour    |    21 |     7 ||    28
Dodge: Dodged            |    27 |    17 ||    44

Table legend:
 A = Non-vault XP
 B = Vault XP
 C = Vault XP percentage of total XP
 D = Non-vault monster count
 E = Vault monster count
 F = Vault count percentage of total count
                 A         B        C        D         E       F
            +---------+---------+-------+---------+---------+-------
      Total |     133 |       4 |   2.9 |      41 |       3 |   6.8
            +---------+---------+-------+---------+---------+-------
        D:1 |      33 |       0 |   0.0 |      18 |       0 |   0.0
        D:2 |      69 |       4 |   5.5 |      18 |       3 |  14.3
        D:3 |      31 |       0 |   0.0 |       5 |       0 |   0.0
            +---------+---------+-------+---------+---------+-------
